 Dungeon Crawl Stone Soup version 0.19.5 (webtiles) character file.

2715 sankara the Cruncher (level 9, -10/79 HPs)
             Began as a Minotaur Gladiator on Mar 12, 2017.
             Was a Priest of Okawaru.
             Mangled by an orc warrior
             ... wielding a +0 glaive
              (23 damage)
             ... on level 7 of the Dungeon.
             The game lasted 00:15:29 (6826 turns).

sankara the Cruncher (Minotaur Gladiator)           Turns: 6826, Time: 00:15:30

Health: -10/79     AC: 15    Str: 17 (20) XL:     9   Next: 39%
Magic:  6/8        EV: 10    Int:  5      God:    Okawaru [***...]
Gold:   347        SH:  0    Dex: 12 (14) Spells: 0 memorised, 8 levels left

rFire  . . .     SeeInvis .     a - +0 quarterstaff
rCold  . . .     Gourm    .     r - +0 plate armour
rNeg   . . .     Faith    .     (shield currently unavailable)
rPois  .         Spirit   .     c - +0 hat
rElec  .         Reflect  .     (no cloak)
rCorr  .         Harm     .     (no gloves)
MR     .....                    (no boots)
Stlth  ..........               e - amulet of magic regeneration
                                (no ring)
                                (no ring)

@: heroism
A: retaliatory headbutt, horns 2
a: Heroism, Renounce Religion


You were on level 7 of the Dungeon.
You worshipped Okawaru.
Okawaru was most pleased with you.
You were hungry.

You visited 2 branches of the dungeon, and saw 8 of its levels.
You also visited: Sewer.

You collected 347 gold pieces.

Inventory:

Hand Weapons
 a - a +0 quarterstaff (weapon)
Missiles
 d - 3 throwing nets (quivered)
Armour
 c - a +0 hat (worn)
 r - a +0 plate armour (worn)
Jewellery
 e - an amulet of magic regeneration (around neck)
 y - an uncursed ring of ice
 B - an uncursed ring of ice
Wands
 o - a wand of teleportation (4/9)
 z - a wand of lightning (4/15)
Scrolls
 b - 2 scrolls of amnesia {unknown}
 h - a scroll of recharging {unknown}
 i - 5 scrolls of identify {unknown}
 k - a scroll of enchant weapon {unknown}
 m - 2 scrolls of blinking {unknown}
 n - a scroll of magic mapping {unknown}
 q - 3 scrolls of teleportation {unknown}
 t - 4 scrolls of remove curse {unknown}
 v - a scroll of fog {unknown}
Potions
 j - 3 potions of curing
 p - a potion of brilliance
 s - 2 potions of flight
 u - a potion of might
 x - a potion of lignification
Comestibles
 f - 5 bread rations
 g - 4 fruits
 l - 5 meat rations
 w - 3 beef jerkies
 A - 4 chunks of flesh


   Skills:
 + Level 7.4(12.4) Fighting
 + Level 10.0(15.0) Staves
 - Level 2.0(7.0) Throwing
 + Level 7.2(12.2) Armour
 + Level 7.1(12.1) Dodging


You had 8 spell levels left.
You didn't know any spells.

Dungeon Overview and Level Annotations

Branches:
Dungeon (7/15)             Temple (1/1) D:6

Altars:
Ashenzari
Cheibriados
Dithmenos
Elyvilon
Gozag
Makhleb
Nemelex Xobeh
Okawaru
Qazlal
Ru
Sif Muna
Trog
Uskayaw
Xom
Zin
The Shining One


Innate Abilities, Weirdness & Mutations

You reflexively headbutt those who attack you in melee.
You have a pair of horns on your head.


Message History

The orc warrior is moderately wounded.
The orc warrior hits you with a glaive!
You barely miss the orc warrior.
The orc warrior is moderately wounded.
The orc warrior hits you with a glaive.
You hit the orc warrior but do no damage.
The orc warrior is moderately wounded.
Some of the chunks of flesh in your inventory have rotted away.
You barely miss the orc warrior.
The orc warrior is moderately wounded.
The orc warrior hits you with a glaive!!
* * * LOW HITPOINT WARNING * * *
You are too injured to fight recklessly!
You are too injured to fight recklessly!
You are too injured to fight recklessly!
You are too injured to fight recklessly!
Okay, then.
You gain the combat prowess of a mighty hero.
The orc warrior hits you with a glaive!!
You die...

######## #....... # #.###### #.#
.# #.# #.# #####.# #.# ## #.#
#...o.# #.# #. #.#
#..@..#######.# #. #.#
#.....##...##.#####.
######.#######.######...##...).#.
....................#..)######.#.
#........####........(....(((.).
##.######.# #.####..#########)#.
......# #.# #.# ##.# #....
##.##.# #.# #.# #.# #.... #.##.#
#.# #.# #.# #....


You could see an orc warrior.

Vanquished Creatures
  Pikel (D:5)
  The ghost of Scuka the Basher, an amateur MiBe of Trog (Sewer)
  A slave (D:5)
  2 phantoms
  2 sky beasts (D:6)
  An ogre (D:6)
  The ghost of feelmyfire the Cudgeler, an amateur DsBe of Trog (D:3)
  4 centaurs
  2 big kobolds
  A bullfrog (D:6)
  A howler monkey (D:4)
  2 crimson imps
  A quasit (D:6)
  10 hounds
  3 orc priests
  3 orc wizards
  A bullfrog skeleton (D:4)
  An iguana (D:6)
  2 worker ants (D:5)
  2 hound skeletons
  12 adders
  A river rat (Sewer)
  3 shadow imps
  3 oozes (Sewer)
  An adder zombie (D:7)
  6 worms
  A dart slug (D:2)
  7 leopard geckos
  12 orcs
  7 giant cockroaches
  11 goblins
  5 hobgoblins
  12 jackals
  2 quokkas
  5 ball pythons
  7 bats
  6 frilled lizards
  A jackal skeleton (D:5)
  13 kobolds
  6 rats
163 creatures vanquished.

Notes
Turn   | Place    | Note
-------+----------+-------------------------------------------
     0 | D:1      | sankara the Minotaur Gladiator began the quest for the Orb.
     0 | D:1      | Reached XP level 1. HP: 18/18 MP: 0/0
   194 | D:1      | Reached XP level 2. HP: 21/25 MP: 1/1
   409 | D:1      | Reached skill level 4 in Staves
   473 | D:1      | Reached skill level 1 in Armour
  1001 | D:2      | Reached XP level 3. HP: 26/30 MP: 2/2
  1694 | D:3      | Noticed feelmyfire's ghost (amateur DsBe)
  1704 | D:2      | Reached XP level 4. HP: 27/37 MP: 3/3
  2237 | D:3      | Killed feelmyfire's ghost
  2237 | D:3      | Reached skill level 5 in Staves
  2237 | D:3      | Reached XP level 5. HP: 31/45 MP: 4/4
  2680 | D:3      | Noticed a centaur
  2687 | D:3      | Killed a centaur
  2738 | D:3      | Reached XP level 6. HP: 40/52 MP: 5/5
  3140 | D:4      | Reached skill level 6 in Staves
  3240 | D:4      | Found an iron altar of Okawaru.
  3249 | D:4      | Became a worshipper of Warmaster Okawaru
  3490 | D:4      | Found a glowing drain.
  3517 | Sewer    | Entered a sewer
  3532 | Sewer    | Noticed Scuka's ghost (amateur MiBe)
  3562 | Sewer    | Killed Scuka's ghost
  3562 | Sewer    | Reached * piety under Okawaru
  3562 | Sewer    | Reached skill level 7 in Staves
  3562 | Sewer    | Reached skill level 5 in Dodging
  3562 | Sewer    | Reached XP level 7. HP: 15/60 MP: 6/6
  4124 | Sewer    | Reached skill level 5 in Fighting
  4452 | D:5      | Entered Level 5 of the Dungeon
  4683 | D:5      | Noticed Pikel
  4695 | D:5      | Killed Pikel
  4695 | D:5      | Reached ** piety under Okawaru
  4695 | D:5      | Reached skill level 8 in Staves
  4695 | D:5      | Reached skill level 5 in Armour
  4695 | D:5      | Reached XP level 8. HP: 47/70 MP: 7/7
  5209 | D:6      | Found a staircase to the Ecumenical Temple.
  5218 | Temple   | Entered the Ecumenical Temple
  5374 | D:6      | Reached skill level 9 in Staves
  5555 | D:6      | Reached XP level 9. HP: 52/78 MP: 8/8
  5740 | D:6      | Reached *** piety under Okawaru
  6727 | D:7      | Reached skill level 10 in Staves
  6826 | D:7      | Mangled by an orc warrior

Skill      XL: |  1  2  3  4  5  6  7  8  9 |
---------------+----------------------------+-----
Staves         | 4 5 7 8 9 10 | 10.0
Armour         | 1 2 3 4 5 6 7 |  7.2
Fighting       | 3 4 5 6 7 |  7.4
Dodging        | 4 5 6 7 |  7.1
Throwing       | |  2.0

Action                   |  1- 3 |  4- 6 |  7- 9 || total
-------------------------+-------+-------+-------++-------
Melee: Quarterstaff      |    74 |   149 |   339 ||   562
       Headbutt          |     8 |    23 |    53 ||    84
Invok: Heroism           |       |       |     1 ||     1
  Use: Potion            |       |     5 |     3 ||     8
  Eat: Chunk             |     2 |     6 |    11 ||    19
Armor: Leather armour    |    16 |     6 |       ||    22
       Plate armour      |       |    51 |   164 ||   215
       Skin              |       |    11 |       ||    11
Dodge: Dodged            |    51 |    59 |   122 ||   232
